 Dungeon Crawl Stone Soup version 0.21-a0-88-g13b9641 (webtiles) character file.

7 4thArraOfDagon the Ducker (level 1, -3/7 HPs)
             Began as a Felid Ice Elementalist on June 27, 2017.
             Slain by a sky beast (5 damage)
             ... on level 6 of the Dungeon.
             The game lasted 00:02:24 (569 turns).

4thArraOfDagon the Ducker (Felid Ice Elementalist)   Turns: 569, Time: 00:02:25

Health: -3/7       AC:  1    Str:  4    XL:     1   Next: 91%
Magic:  4/4        EV: 18    Int: 16    God:
Gold:   55         SH:  0    Dex: 16    Spells: 3/4 levels left
                                        Lives:  0   Deaths: 0

rFire    . . .     SeeInvis +   (weapon unavailable)
rCold    . . .     Gourm    .   (shield unavailable)
rNeg     . . .     Faith    .   (armour unavailable)
rPois    .         Spirit   .   (helmet unavailable)
rElec    .         Reflect  .   (cloak unavailable)
rCorr    .         Harm     .   (gloves unavailable)
MR       .....                  (boots unavailable)
Stlth    +++.......             k - amulet of inaccuracy (curse)
HPRegen  0.02/turn              (no ring)
MPRegen  0.09/turn              (no ring)

@: quick
A: no armour, no weapons or thrown items, stealth, claws 1, fangs 3, see
invisible, carnivore 3, speed 1, shaggy fur 1, slow metabolism 1, sharp paws
a: no special abilities


You were on level 6 of the Dungeon.
You were full.

You visited 1 branch of the dungeon, and saw 6 of its levels.

You collected 55 gold pieces.

Inventory:

Jewellery
 k - a cursed amulet of inaccuracy (around neck)
Wands
 c - a wand of digging (13/24)
Scrolls
 e - a scroll of teleportation
 g - 2 scrolls of random uselessness
Potions
 f - 2 potions of invisibility
 i - 2 potions of curing {unknown}
Books
 a - a book of Frost

   Spells                             Type                      Level
   a - Freeze                         Ice                          1
   b - Throw Frost                    Conjuration/Ice              2
   c - Ozocubu's Armour               Charms/Ice                   3
   d - Throw Icicle                   Conjuration/Ice              4
   e - Summon Ice Beast               Ice/Summoning                4
Comestibles
 b - 2 meat rations


   Skills:
 - Level 3.0 Dodging
 + Level 2.9 Stealth
 - Level 2.0 Spellcasting
   Level 0.8 Conjurations
 * Level 3.0 Ice Magic


You had 3 spell levels left.
You knew the following spells:

 Your Spells              Type           Power        Failure   Level  Hunger
a - Freeze                Ice            ##..         6%          1    #......


Dungeon Overview and Level Annotations

Branches:
Dungeon (6/15)             Temple (0/1) D:6

Altars:
Dithmenos

Shops:
D:5 ?

Annotations:
D:4 Edmund, Natasha


Innate Abilities, Weirdness & Mutations

You cannot wear armour.
You are incapable of wielding weapons or throwing items.
Your paws allow you to move quietly. (Stealth)
You have sharp claws.
You have razor-sharp teeth.
You have supernaturally acute eyesight. (SInv)
You are carnivorous and can eat meat at any time.
You cover ground quickly.
You are covered in fur. (AC +1)
You have a slow metabolism.
Your sharp claws are effective at attacking unaware monsters.


Message History

You climb downwards.
There is a stone staircase leading up here.
Unknown command.
Okay, then.
A scorpion comes into view.
You open the door.
Found a staircase to the Ecumenical Temple.
Unknown command.
A sky beast comes into view.
There is an open door here.
Unknown command.
The helpless sky beast fails to defend itself.
You scratch the sky beast.
The sky beast is lightly wounded.
The sky beast hits you.
Ouch! That really hurt!
* * * LOW HITPOINT WARNING * * *
The sky beast shocks you.
Ouch! That really hurt!
You die...

. ########......# ..
.......<......# ...
#######.......# ....
########..........#
.....##........###......#
#....######## ......#
s....##..# ####### ..##
###'### #..@..# #.Y.⌠.#
+..>..+ #.⌠.⌠.# #.....#
###+###


You could see a sky beast.

Vanquished Creatures
  A dart slug (D:2)
  A leopard gecko (D:5)
  A bat (D:1)
  2 frilled lizards (D:1)
  A kobold (D:1)
6 creatures vanquished.

Notes
Turn   | Place    | Note
-------+----------+-------------------------------------------
     0 | D:1      | 4thArraOfDagon the Felid Ice Elementalist began the quest for the Orb.
     0 | D:1      | Reached XP level 1. HP: 7/7 MP: 4/4
   201 | D:4      | Noticed Edmund
   206 | D:4      | Found a shadowy altar of Dithmenos.
   207 | D:4      | Noticed Natasha
   208 | D:4      | Noticed a hound
   210 | D:4      | Noticed a worker ant
   210 | D:5      | Entered Level 5 of the Dungeon
   235 | D:5      | Found Egganiomm's Magic Scroll Boutique.
   343 | D:5      | Noticed a sky beast
   469 | D:6      | Noticed a hound
   565 | D:6      | Noticed a scorpion
   566 | D:6      | Found a staircase to the Ecumenical Temple.
   567 | D:6      | Noticed a sky beast
   569 | D:6      | Slain by a sky beast

Vault maps used:
D:1:      sevenhm_arrival_forest_fort_large_2
D:2:      bloody_trog, first_bread, uniq_robin
D:3:      cheibriados_altar_1, kennysheep_generic_room_3, uniq_terence
D:4:      nicolae_overflow_hidden_temple, old_standard_altar, uniq_natasha,
          uniq_edmund, uniq_duvessa
D:5:      serial_shops, shop_scrolls
D:6:      nemelex_xobeh_ov_fountains_minmay, lemuel_coloured_pillars_altar,
          nicolae_ru_the_path_less_chosen, minmay_temple_entry_hall,
          hangedman_abyss_or_decor_lesser_grid, lemuel_tele_altar, uniq_sigmund

Skill      XL: |  1 |
---------------+----+-----
Dodging        | 3 |  3.0
Ice Magic      | 3 |  3.0
Stealth        | |  2.9
Spellcasting   | |  2.0
Conjurations   | |  0.8

Action                   || total
-------------------------++-------
Melee: Unarmed           ||     7
 Cast: Freeze            ||     7
  Use: Scroll            ||     6
 Stab: Sleeping          ||     2
  Eat: Chunk             ||     3
Dodge: Dodged            ||    10
